 Dungeon Crawl Stone Soup version 0.28.0-53-g5a82cb258f (webtiles) character file.

Game seed: 16110613040791201191

3408 Ashen the Nimble (level 9, -1/47 HPs)
             Began as a Spriggan Conjurer on June 12, 2022.
             Was a Believer of Sif Muna.
             Slain by a killer bee (8 damage)
             ... on level 8 of the Dungeon.
             The game lasted 00:27:22 (11828 turns).

Ashen the Nimble (Spriggan Conjurer)               Turns: 11828, Time: 00:27:24

Health: -1/47      AC:  2    Str:  3    XL:     9   Next: 75%
Magic:  6/21       EV: 20    Int: 29    God:    Sif Muna [**....]
Gold:   464        SH:  7    Dex: 14    Spells: 8/23 levels left

rFire   . . .      SeeInvis +   b - +1 dagger (distort)
rCold   . . .      Faith    .   y - +1 buckler
rNeg    . . .      Spirit   .   a - +0 robe
rPois   +          Reflect  .   (helmet restricted)
rElec   .          Harm     .   C - scarf {repulsion}
rCorr   .          Rampage  .   (gloves unavailable)
Will    +....                   (boots unavailable)
Stlth   +++.......              (no amulet)
HPRegen 0.15/turn               l - +6 ring of intelligence
MPRegen 0.17/turn               n - ring of poison resistance

@: lethally poisoned (-1 -> -11), repel missiles, very quick
A: very small, no large weapons, unfitting armour, see invisible, speed 3
a: Renounce Religion, Channel Magic


You were on level 8 of the Dungeon.
You worshipped Sif Muna.
Sif Muna was pleased with you.
You visited 2 branches of the dungeon, and saw 9 of its levels.
You also visited: Ossuary.

You collected 464 gold pieces.

Inventory:

Hand Weapons
 b - a +1 dagger of distortion (weapon)
 x - the +7 falchion "Reru" {vorpal, rN++ Dex+4}
   (You found it on level 5 of the Dungeon)

   It inflicts extra damage upon your enemies.
   Dex:       It affects your dexterity (+4).
   rN:        It greatly protects you from negative energy.
Armour
 a - a +0 robe (worn)
 y - a +1 buckler (worn)
 C - a scarf of repulsion (worn)
Jewellery
 e - a +6 ring of strength
 l - a +6 ring of intelligence (left hand)
 n - a ring of poison resistance (right hand)
 p - a +6 ring of strength
 w - the ring "Myeff" {rC+++ rN+ Str+5 Int-4}
   (You found it on level 5 of the Dungeon)

   [ring of positive energy]

   Str:       It affects your strength (+5).
   Int:       It affects your intelligence (-4).
   rC:        It renders you almost immune to cold.
   rN:        It protects you from negative energy.
 F - a ring of flight
Wands
 g - a wand of flame (38)
 t - a wand of mindburst (24)
 E - a wand of polymorph (7)
Scrolls
 h - a scroll of enchant weapon
 i - 2 scrolls of blinking
 j - 4 scrolls of teleportation
 o - 3 scrolls of identify
Potions
 c - 2 potions of invisibility
 d - 4 potions of curing {unknown}
 f - 3 potions of might
 k - 4 potions of haste {unknown}
 m - a potion of magic
 q - a potion of resistance
 s - a potion of ambrosia {unknown}
 u - 3 potions of brilliance
 v - 3 potions of lignification {unknown}
 z - 2 potions of flight {unknown}
 A - a potion of mutation {unknown}
 B - 2 potions of heal wounds {unknown}
 G - a potion of berserk rage {unknown}


   Skills:
 + Level 5.0 Fighting
 + Level 8.7 Dodging
 - Level 5.0 Stealth
 - Level 4.0 Shields
 + Level 7.9 Spellcasting
 + Level 5.7 Conjurations


You had 8 spell levels left.
You knew the following spells:

 Your Spells              Type           Power      Damage    Failure   Level
a - Magic Dart            Conj           100%       1d8       1%          1
b - Dazzling Flash        Conj/Hex       56%        N/A       9%          3
c - Fulminant Prism       Conj/Hex       14%        3d9       28%         4
d - Iskenderun's Mystic   Conj/Tloc      28%        2d7       28%         4
e - Call Canine Familiar  Summ           11%        N/A       28%         3

Your spell library contained the following spells:

 Spells                   Type           Power      Damage    Failure   Level
 Searing Ray              Conj           88%        2d7       1%          2
 Static Discharge         Conj/Air       28%        N/A       4%          2
 Stone Arrow              Conj/Erth      56%        3d10      9%          3
 Sandblast                Erth           22%        2d7       10%         1
 Summon Small Mammal      Summ           44%        N/A       10%         1
 Passwall                 Tmut/Erth      9%         N/A       14%         2
 Summon Guardian Golem    Hex/Summ       11%        N/A       28%         3
 Sticky Flame             Conj/Fire      28%        2d5       28%         4
 Dispel Undead            Necr           11%        3d9       67%         4
 Agony                    Necr           11%        N/A       95%         5
 Lee's Rapid Deconstruct  Erth           5%         3d7*      95%         5
 Silence                  Hex/Air        5%         N/A       95%         5


Dungeon Overview and Level Annotations

Branches:
Dungeon (8/15)             Temple (1/1) D:5         Ossuary (visited)
   Lair: D:8-11

Altars:
Ashenzari
Cheibriados
Dithmenos
Elyvilon
Gozag
Hepliaklqana
Kikubaaqudgha
Makhleb
Nemelex Xobeh
Okawaru
Ru
Sif Muna
Trog
Uskayaw
Vehumet
Wu Jian
Xom
Yredelemnul
Zin
The Shining One

Annotations:
D:5 1 runed translucent door, SHADDY's ghost, amateur DsFi


Innate Abilities, Weirdness & Mutations

You are very small and have problems with some larger weapons.
You are too small for most types of armour.
You have supernaturally acute eyesight. (SInv)
You cover ground extremely quickly. (Speed+++)


Message History

The killer bee misses you.
You miss the killer bee.
The killer bee is almost dead.
The killer bee misses you. The killer bee stings you.
The killer bee barely misses you. The killer bee misses you.
You closely miss the killer bee.
The killer bee is almost dead.
The killer bee is no longer blind.
The killer bee closely misses you. The killer bee completely misses you.
The killer bee stings you.
You are poisoned.
The killer bee poisons you! The killer bee stings you.
You are more poisoned.
The killer bee poisons you!
Casting: Dazzling Flash (dangerous; 9% risk of failure)
Confirm with . or Enter, or press ? or * to list all spells.
Aiming: Magic Dart (safe; 1% risk of failure)
Press: ? - help, Shift-Dir - straight line, f - killer bee
Aim: a killer bee (100% to hit)
Okay, then.
Casting: Magic Dart (safe; 1% risk of failure)
Confirm with . or Enter, or press ? or * to list all spells.
You don't know that spell.
Unknown command.
Casting: Magic Dart (safe; 1% risk of failure)
Confirm with . or Enter, or press ? or * to list all spells.
Casting: Dazzling Flash (dangerous; 9% risk of failure)
Press: ? - help, Dir - look around, f - activate The killer bee is dazzled.
You feel very sick. The killer bee completely misses you.
The killer bee stings you!
* * * LOW HITPOINT WARNING * * *
The killer bee barely misses you. The killer bee stings you.
* * * LOW HITPOINT WARNING * * *
You barely miss the killer bee.
The killer bee is almost dead.
* * * LOW HITPOINT WARNING * * *
You feel very sick. The killer bee misses you.
The killer bee completely misses you. You block the killer bee's attack.
The killer bee stings you!
You die...

[## ##..## ..g.
..# ##..## ###
..## #...# #..
#..## #...#
##.. ##..##
##..# #..)
##..## #..#
#... ##..# #..#
#... ##.##
#.y###### #...
##.###
#.y@....#####
##.. ##..##
#.....>.....##
##. ##..##
#########....#
#. ##..##
###.># ##.
##..## #..# #..
#...# #..# ##..
##..## ##..#
##..# #...#
##...###...#
#...#
####...###...##


You could see 2 killer bees.

Vanquished Creatures
  Grinder (D:5)
  A water moccasin (D:7)
  An orc warrior (D:5)
  A black bear (D:6)
  An ice beast (D:8)
  A sky beast (D:7)
  3 centaurs
  4 ogres
  2 elf zombies (Ossuary)
  A scorpion (D:5)
  3 bullfrogs
  5 killer bees (D:8)
  A bullfrog zombie (D:6)
  A howler monkey (D:4)
  9 centaur zombies
  2 bullfrog skeletons
  A hound (D:6)
  3 orc priests
  3 jellies (D:2)
  2 centaur skeletons
  4 human zombies (Ossuary)
  3 iguanas
  6 orc wizards
  A scorpion zombie (D:5)
  A hound skeleton (D:5)
  3 mummies (Ossuary)
  A howler monkey zombie (D:7)
  5 adders
  9 gnolls
  A white imp (D:7)
  An adder zombie (D:4)
  A dart slug (D:1)
  20 orcs
  8 ball pythons
  4 bats
  11 endoplasms
  3 giant cockroaches
  8 goblins
  7 hobgoblins
  9 jackals
  2 quokkas
  4 frilled lizards
  11 kobolds
169 creatures vanquished.

Vanquished Creatures (others)
  5 fulminant prisms
  7 fungi (D:2)
  6 toadstools (D:2)
18 creatures vanquished.

Grand Total: 187 creatures vanquished

Notes
Turn   | Place    | Note
-------+----------+-------------------------------------------
     0 | D:1      | Ashen the Spriggan Conjurer began the quest for the Orb.
     0 | D:1      | Reached XP level 1. HP: 9/9 MP: 5/5
   271 | D:1      | Reached skill level 3 in Dodging
   272 | D:1      | Reached XP level 2. HP: 13/13 MP: 2/6
   765 | D:1      | Reached XP level 3. HP: 17/17 MP: 5/8
   926 | D:1      | Found a faded altar of an unknown god.
  1590 | D:2      | You fall into a shaft and drop 1 floor!
  2209 | D:2      | Reached XP level 4. HP: 21/21 MP: 7/10
  2452 | D:2      | Reached skill level 1 in Fighting
  2531 | D:2      | Reached skill level 4 in Dodging
  2531 | D:2      | Reached XP level 5. HP: 25/25 MP: 2/11
  3082 | D:2      | Learned a level 3 spell: Dazzling Flash
  3424 | D:4      | Reached skill level 5 in Stealth
  3565 | D:4      | Found a shimmering blue altar of Sif Muna.
  3570 | D:4      | Became a worshipper of Sif Muna the Loreminder
  3650 | D:4      | Reached XP level 6. HP: 30/30 MP: 9/13
  3739 | D:4      | Found an ancient bone altar of Kikubaaqudgha.
  3772 | D:4      | Learned a level 4 spell: Fulminant Prism
  3804 | D:4      | Learned a level 4 spell: Iskenderun's Mystic Blast
  4129 | D:5      | Entered Level 5 of the Dungeon
  4141 | D:5      | Found an iron altar of Okawaru.
  4168 | D:5      | Reached skill level 5 in Dodging
  4263 | D:5      | Noticed SHADDY's ghost (amateur DsFi)
  4282 | D:5      | Found a runed translucent door.
  4502 | D:5      | Reached skill level 5 in Spellcasting
  4502 | D:5      | Reached XP level 7. HP: 35/35 MP: 7/15
  4578 | D:5      | Found a staircase to the Ecumenical Temple.
  4588 | Temple   | Entered the Ecumenical Temple
  4799 | D:5      | Noticed Grinder
  4811 | D:5      | Paralysed by Grinder for 5 turns
  4818 | D:5      | Killed Grinder
  4819 | D:5      | Reached skill level 6 in Dodging
  5105 | D:5      | Identified the ring "Myeff" {rC+++ rN+ Str+5 Int-4}
  5240 | D:5      | Found a hazy altar of Hepliaklqana.
  5388 | D:5      | Reached XP level 8. HP: 40/40 MP: 11/18
  5481 | D:5      | Identified the +7 falchion "Reru" {vorpal, rN++ Dex+4}
  5880 | D:5      | Reached skill level 1 in Shields
  6045 | D:6      | Found a sand-covered staircase.
  6076 | Ossuary  | Entered an ossuary
  6199 | Ossuary  | Learned a level 3 spell: Call Canine Familiar
  6337 | Ossuary  | Reached * piety under Sif Muna
  6352 | Ossuary  | Reached skill level 7 in Dodging
  7152 | Ossuary  | Reached skill level 5 in Conjurations
  7430 | D:6      | Found a burning altar of Makhleb.
  7610 | D:6      | Reached XP level 9. HP: 44/45 MP: 18/20
  7631 | D:6      | Found a sacrificial altar of Ru.
  9377 | D:7      | Reached skill level 8 in Dodging
 10011 | D:7      | Reached ** piety under Sif Muna
 10328 | D:8      | Found a shimmering altar of Xom.
 10329 | D:8      | Found a shimmering altar of Xom.
 10330 | D:8      | Found a shimmering altar of Xom.
 10332 | D:8      | Found a shimmering altar of Xom.
 10332 | D:8      | Found a shimmering altar of Xom.
 11311 | D:8      | Noticed a +0 hand axe
 11311 | D:8      | Noticed a +0 hand axe
 11313 | D:8      | Found a hide-covered altar of Uskayaw.
 11703 | D:8      | Noticed a two-headed ogre
 11824 | D:8      | Reached skill level 5 in Fighting
 11828 | D:8      | Slain by a killer bee

Illustrated notes

Levels and vault maps discovered:
D:1:      lightli_arrival_windingriver, layout_rooms,
          hellmonk_ecumenical_altar_dog_temple, chequers_serial_rivers_micro_a
D:2:      cheibrodos_fertilizer, layout_loops_corners, hex_medium
D:3:      layout_basic
D:4:      layout_cave_pools, marbit_many_paths, kiku_gazebo_garden_becter
D:5:      layout_rooms, lemuel_coloured_pillars_altar,
          mainiacjoe_overflow_cross_hatched, minmay_temple_entry_glass,
          hellmonk_ghost_happy_afterlife, uniq_grinder
D:6:      layout_basic, nicolae_ru_great_annihilating_truth,
          amcnicky_altar_gilded, enter_ossuary_1
D:7:      nicolae_cairo_tiling, layout_loops_ring
D:8:      layout_layer_cave, xom_shifter_show, dancing_weapons_uskayaw
Temple:   minmay_temple_bridge_abc

Skill      XL: |  1  2  3  4  5  6  7  8  9 |
---------------+----------------------------+-----
Conjurations   | 3 4 5 |  5.7
Dodging        | 3 4 5 6 7 8 |  8.7
Spellcasting   | 3 4 5 6 7 |  7.9
Stealth        | 4 5 |  5.0
Fighting       | 1 2 3 4 5 |  5.0
Shields        | 2 4 |  4.0

Action                   |  1- 3 |  4- 6 |  7- 9 || total
-------------------------+-------+-------+-------++-------
Melee: Unarmed           |    13 |     2 |       ||    15
       Punch             |     1 |       |       ||     1
       Dagger            |       |    26 |   122 ||   148
 Cast: Magic Dart        |   102 |   119 |   384 ||   605
       Dazzling Flash    |       |       |    20 ||    20
       Fulminant Prism   |       |       |     5 ||     5
  Use: Scroll            |       |     6 |     9 ||    15
       Potion            |       |       |     1 ||     1
 Stab: Sleeping          |       |     2 |     2 ||     4
       Invisible         |       |       |     8 ||     8
Armor: Robe              |     4 |     6 |    28 ||    38
Dodge: Dodged            |    16 |    46 |   288 ||   350
       Repelled          |       |       |     2 ||     2
Block: Buckler           |       |       |    87 ||    87
